 Dungeon Crawl Stone Soup version 0.27-a0-1140-g099f9bb0e8 (webtiles) character file.

Game seed: 3510667987846583726

1309 Zeld the Thrower (level 8, -5/54 HPs)
             Began as an Octopode Fighter on May 9, 2021.
             Slain by an ogre
             ... wielding a +0 giant club
              (16 damage)
             ... on level 6 of the Dungeon.
             The game lasted 00:09:55 (9553 turns).

Zeld the Thrower (Octopode Fighter)                 Turns: 9553, Time: 00:09:56

Health: -5/54      AC:  1    Str: 24    XL:     8   Next: 58%
Magic:  8/8        EV: 11    Int: 10    God:
Gold:   239        SH: 15    Dex: 11    Spells: 7/7 levels left

rFire    . . .     SeeInvis .   a - +0 war axe
rCold    . . .     Faith    .   b - +0 kite shield
rNeg     . . .     Spirit   .   (helmet restricted)
rPois    .         Reflect  +   o - amulet of reflection
rElec    .         Harm     .   c - +6 ring of strength
rCorr    .         Rampage  .   (no ring)
Will     .....                  (no ring)
Stlth    ++........             (no ring)
HPRegen  0.18/turn              (no ring)
MPRegen  0.11/turn              (no ring)
                                (no ring)
                                (no ring)

@: no status effects
A: almost no armour, amphibious, 8 rings, camouflage 1, gelatinous body 1,
(nimble swimmer 1), tentacles
a: no special abilities


You were on level 6 of the Dungeon.
You visited 2 branches of the dungeon, and saw 8 of its levels.

You collected 239 gold pieces.

Inventory:

Hand Weapons
 a - a +0 war axe (weapon)
Missiles
 r - 17 boomerangs (quivered)
Armour
 b - a +0 kite shield (worn)
Jewellery
 c - a +6 ring of strength (left tentacle)
 o - an amulet of reflection (around mantle)
Scrolls
 d - a scroll of teleportation {unknown}
 g - 3 scrolls of identify {unknown}
 i - 2 scrolls of fear {unknown}
 j - a scroll of vulnerability {unknown}
 k - 2 scrolls of magic mapping {unknown}
 m - 2 scrolls of enchant weapon {unknown}
 n - a scroll of amnesia {unknown}
 p - a scroll of blinking {unknown}
 u - a scroll of immolation {unknown}
 v - a scroll of torment {unknown}
Potions
 e - a potion of degeneration {unknown}
 f - 2 potions of heal wounds {unknown}
 h - a potion of attraction {unknown}
 l - a potion of invisibility {unknown}
 q - 2 potions of lignification {unknown}
 s - a potion of brilliance {unknown}
 t - a potion of cancellation {unknown}


   Skills:
 - Level 4.2 Fighting
 - Level 3.6 Axes
 * Level 8.5 Throwing
 - Level 3.0 Dodging
 - Level 4.2 Shields


You had 7 spell levels left.
You didn't know any spells.
Your spell library contained the following spells:

 Spells                   Type           Power      Damage    Failure   Level
 Animate Skeleton         Necr           0%         N/A       83%         1
 Apportation              Tloc           0%         N/A       83%         1
 Corona                   Hex            0%         N/A       83%         1
 Summon Small Mammal      Summ           0%         N/A       83%         1


Dungeon Overview and Level Annotations

Branches:
Dungeon (7/15)             Temple (1/1) D:5

Altars:
Ashenzari
Cheibriados
Dithmenos
Elyvilon
Fedhas
Gozag
Hepliaklqana
Kikubaaqudgha
Makhleb
Nemelex Xobeh
Qazlal
Ru
Sif Muna
Trog
Uskayaw
Vehumet
Xom
Zin
The Shining One

Shops:
D:4 :


Innate Abilities, Weirdness & Mutations

You cannot wear most types of armour.
You are amphibious.
You can wear up to eight rings at the same time.
Your skin changes colour to match your surroundings (Stealth+).
Your rubbery body absorbs attacks. (AC +1, EV +1)
((You are camouflaged near water. (Stealth+)))
You have tentacles for arms and can constrict up to eight enemies at once.


Message History

You hit the gnoll.
You kill the gnoll!
A gnoll comes into view. It is wielding a +0 whip.
A gnoll comes into view. It is wielding a +0 whip.
You block the gnoll's attack.
Found a stone staircase leading down.
Things that are here:
a +0 club; a gnoll corpse The gnoll throws a throwing net.
The throwing net hits you.
You become entangled in the net!
Things that are here:
a throwing net; a +0 whip You struggle against the net.
You struggle against the net.
The gnoll hits you from afar with a +0 halberd!
The gnoll completely misses you.
You struggle against the net.
The gnoll barely misses you. x2
You rip the net and break free!
You block the gnoll's attack. The gnoll closely misses you.
A gnoll comes into view. It is wielding a +0 club.
The ogre shouts!
You barely miss the ogre. You block the ogre's attack.
You block the gnoll's attack.
You hit the gnoll but do no damage. You grab the gnoll. You squeeze the gnoll.
The gnoll is lightly wounded.
You hit the ogre. You constrict the gnoll. The gnoll barely misses you.
You block the ogre's attack. You block the gnoll's attack.
Unknown command.
You slash the gnoll!
You kill the gnoll!
You slash the ogre! The ogre hits you with a +0 giant club!
* * * LOW HITPOINT WARNING * * *
You hear a shout!
Unknown command.
You barely miss the gnoll. You grab the gnoll. You squeeze the gnoll.
The gnoll is lightly wounded.
You hit the ogre. You constrict the gnoll! You block the ogre's attack.
The gnoll barely misses you. You block the gnoll's attack.
The ogre hits you with a +0 giant club!
You die...

############ ###########
##...........
#....O..gg###.#.#########
##.######.#.#.###.##
#.......O###g## ##.#
#..######@#.#.###.## ##
#.O# ##g###.#..# g. #<.#
#.# ##.#.# .# #..# #.#
#.#.# .# #.... #.# #.#.#
.# #..#...
#.####.#.###g####
#.###.##
#...g..#...).g... #.# .#
#####.....gg..... #.# #
#......###.###.


You could see an ogre and a gnoll.

Vanquished Creatures
  2 ice beasts
  A necrophage (D:5)
  An orc warrior (D:5)
  A centaur (D:5)
  A kobold brigand (D:5)
  A wyvern zombie (D:5)
  A water moccasin zombie (D:5)
  2 bullfrog zombies (D:6)
  3 hounds (D:4)
  3 orc priests
  2 bullfrog skeletons (D:5)
  A centaur skeleton (D:6)
  Jessica (D:2)
  An iguana (D:6)
  3 orc wizards
  A howler monkey zombie (D:6)
  6 gnolls
  2 adders
  A shadow imp (D:5)
  A white imp (D:6)
  2 ufetubi (D:6)
  An adder skeleton (D:4)
  2 dart slugs
  13 orcs
  6 ball pythons
  6 bats
  4 endoplasms
  3 giant cockroaches
  5 goblins
  6 hobgoblins
  15 jackals
  3 quokkas
  A frilled lizard (D:3)
  20 kobolds
  4 rats
126 creatures vanquished.

Vanquished Creatures (others)
  A jackal (D:5)
  2 plants (D:1)
3 creatures vanquished.

Grand Total: 129 creatures vanquished

Notes
Turn   | Place    | Note
-------+----------+-------------------------------------------
     0 | D:1      | Zeld the Octopode Fighter began the quest for the Orb.
     0 | D:1      | Reached XP level 1. HP: 16/16 MP: 1/1
   107 | D:1      | Found a faded altar of an unknown god.
   114 | D:1      | Reached XP level 2. HP: 14/21 MP: 2/2
   815 | D:1      | Reached XP level 3. HP: 26/26 MP: 3/3
  1219 | D:2      | Noticed Jessica
  1224 | D:2      | Killed Jessica
  1225 | D:2      | Reached XP level 4. HP: 30/32 MP: 4/4
  1670 | D:2      | Found a shimmering altar of Xom.
  2647 | D:3      | Found a blossoming altar of Fedhas.
  2777 | D:4      | Found Loerotis's Book Shoppe.
  3024 | D:4      | Reached XP level 5. HP: 33/37 MP: 5/5
  3478 | D:5      | Entered Level 5 of the Dungeon
  3528 | D:5      | Noticed a centaur
  3536 | D:5      | Killed a centaur
  3537 | D:5      | Reached skill level 2 in Throwing
  3537 | D:5      | Reached XP level 6. HP: 23/43 MP: 6/6
  3688 | D:5      | Found a snail-covered altar of Cheibriados.
  4255 | D:4      | Reached skill level 3 in Throwing
  5871 | D:5      | Reached skill level 4 in Throwing
  5871 | D:5      | Reached XP level 7. HP: 33/48 MP: 7/7
  5961 | D:5      | Reached skill level 5 in Throwing
  6858 | D:5      | Found a staircase to the Ecumenical Temple.
  6899 | Temple   | Entered the Ecumenical Temple
  7309 | D:5      | Reached skill level 6 in Throwing
  7881 | D:5      | Reached skill level 7 in Throwing
  7881 | D:5      | Reached XP level 8. HP: 29/54 MP: 8/8
  8758 | D:6      | Found a radiant altar of Vehumet.
  8965 | D:6      | Reached skill level 8 in Throwing
  8970 | D:6      | HP: 1/54 [bullfrog zombie (4)]
  9553 | D:6      | Slain by an ogre

Illustrated notes

Levels and vault maps discovered:
D:1:      minmay_arrival_three_doors, layout_basic,
          ebering_ecumenical_altar_abandoned, minmay_misc_feat_rugged,
          serial_bayou_ford_a, minmay_pentomino_u4
D:2:      layout_rooms, basic_altar, lightli_corner_chamber, uniq_jessica
D:3:      layout_rooms, fedhas_ov_isle_minmay
D:4:      layout_basic, serial_shops, shop
D:5:      layout_loops_ring, old_standard_altar, minmay_temple_entry_glass
D:6:      layout_loops_ring, kennysheep_mini_moat, minivault_24,
          chequers_serial_rivers_small_3, minmay_misc_feat_encased, st_stairs_2
D:7:      layout_basic, lemuel_mausoleum_altar_yredelemnul,
          kennysheep_cross_bottleneck, grunt_decor_cap, st_stairs_1,
          minmay_quadrilaterals, uniq_menkaure, uniq_duvessa, uniq_joseph
Temple:   eino_temple_scatter_basement

Skill      XL: |  1  2  3  4  5  6  7  8 |
---------------+-------------------------+-----
Axes           | 3 |  3.6
Fighting       | 4 |  4.2
Shields        | 4 |  4.2
Throwing       | 2 4 7 8 |  8.5
Dodging        | |  3.0

Action                   |  1- 3 |  4- 6 |  7- 9 || total
-------------------------+-------+-------+-------++-------
Melee: War axe           |    55 |   116 |   104 ||   275
       Constrict         |    14 |    30 |    26 ||    70
       Tentacles         |     9 |    23 |    24 ||    56
Throw: Boomerang         |       |     1 |     7 ||     8
Evoke: Wand              |       |       |     6 ||     6
  Use: Potion            |       |       |     4 ||     4
 Stab: Sleeping          |     3 |     4 |       ||     7
       Distracted        |       |     1 |     1 ||     2
Armor: Skin              |     8 |    10 |     4 ||    22
Dodge: Dodged            |    32 |    55 |    38 ||   125
Block: Kite shield       |    25 |    87 |   109 ||   221
       Reflection        |       |     2 |     3 ||     5

Table legend: (Time is in decaauts)
 A = Elapsed time spent in this place.
 B = Non-inter-level travel time spent in this place.
 C = Inter-level travel time spent in this place.
 D = Time resting spent in this place.
 E = Time spent auto-exploring this place.
 F = Levels seen in this place.
 G = Mean time per level.
                   A        B        C        D        E       F      G
               +--------+--------+--------+--------+--------+-----+--------+
         Total |   9724 |   9482 |    242 |   4032 |   4355 |   8 | 1215.5 |
       Dungeon |   9404 |   9177 |    227 |   4032 |   4052 |   7 | 1343.4 |
        Temple |    319 |    304 |     15 |      0 |    303 |   1 |  319.0 |
               +--------+--------+--------+--------+--------+-----+--------+

Top non-repeatable levels by time:
     D:4: 3495 daAuts
     D:5: 2121 daAuts
     D:1: 1169 daAuts
     D:2: 929 daAuts
     D:3: 741 daAuts
     D:6: 557 daAuts
     D:7: 388 daAuts
  Temple: 319 daAuts
